 Dungeon Crawl Stone Soup version 0.16.0-17-g811c1d7 (webtiles) character file.

664 valak23 the Destroyer (level 7, 0/42 HPs)
             Began as a Tengu Conjurer on Mar 21, 2015.
             Killed from afar by an orc wizard (11 damage)
             ... with a puff of flame
             ... on level 4 of the Dungeon.
             The game lasted 00:23:53 (3628 turns).

valak23 the Destroyer (Tengu Conjurer)              Turns: 3628, Time: 00:23:53

Health: 0/42       AC:  4    Str:  8    XL:     7   Next: 57%
Magic:  8/16       EV: 15    Int: 22    God:
Gold:   205        SH:  0    Dex: 18    Spells: 3 memorised, 4 levels left

rFire  . . .     SeeInvis .     i - staff of conjuration
rCold  . . .     Clarity  .     a - +0 robe
rNeg   . . .     SustAb   .     (no shield)
rPois  .         Gourm    .     (helmet restricted)
rElec  .         Spirit   .     (no cloak)
rCorr  .         Warding  .     (no gloves)
rMut   .         Stasis   .     (boots unavailable)
MR     .....                    (no amulet)
Stlth  +.........               n - +3 ring of dexterity
                                d - ring of flight

@: confused, brilliant, not resistant to hostile enchantments, very unstealthy
A: able to fly, beak, talons 3, slimy green scales 1, low mp 1, robust 1
a: Fly, Evoke Flight


You were on level 4 of the Dungeon.
You were not hungry.

You visited 1 branch of the dungeon, and saw 4 of its levels.
You also visited: Sewer.

You collected 205 gold pieces.

Inventory:

Hand weapons
 e - a +0 club
Armour
 a - a +0 robe (worn)
 o - a +0 pair of gloves
 p - a +0 pair of gloves
Magical staves
 i - an uncursed staff of conjuration (weapon)
Jewellery
 d - a ring of flight (left hand)
 n - a +3 ring of dexterity (right hand)
Magical devices
 m - a wand of digging (4)
Scrolls
 h - a scroll of teleportation
 l - a scroll of identify
Potions
 b - a potion of haste {unknown}
 j - a potion of agility
 k - a potion of brilliance
Books
 c - a book of Conjurations

   Spells                             Type                      Level
   a - Magic Dart                     Conjuration                  1
   b - Searing Ray                    Conjuration                  2
   c - Dazzling Spray                 Conjuration/Hexes            3
   d - Fulminant Prism                Conjuration/Hexes            4
   e - Iskenderun's Mystic Blast      Conjuration                  4
   f - Iskenderun's Battlesphere      Conjuration/Charms           5
 g - a book of Geomancy

   Spells                             Type                      Level
   a - Sandblast                      Earth                        1
   b - Stoneskin                      Transmutation/Earth          2
   c - Passwall                       Transmutation/Earth          3
   d - Stone Arrow                    Conjuration/Earth            3
   e - Petrify                        Transmutation/Earth          4
   f - Lee's Rapid Deconstruction     Earth                        5
Comestibles
 f - a meat ration


   Skills:
 + Level 1.9 Fighting
 + Level 1.2 Maces & Flails
 + Level 4.4 Dodging
 - Level 2.0 Stealth
 - Level 0.2 Unarmed Combat
 + Level 4.1 Spellcasting
 * Level 8.6 Conjurations
 + Level 0.4 Evocations


You had 4 spell levels left.
You knew the following spells:

 Your Spells              Type           Power        Failure   Level  Hunger
a - Magic Dart            Conj           ####         1%          1    None
b - Iskenderun's Mystic   Conj           ######..     1%          4    ####...
c - Iskenderun's Battles  Conj/Chrm      ######..     10%         5    ######.


Dungeon Overview and Level Annotations

Branches:
Dungeon (4/15)
 Temple: D:4-7

Altars:
Nemelex Xobeh
Ru


Innate Abilities, Weirdness & Mutations

You can fly.
You have a beak for a mouth.
You have claws for feet.
You are partially covered in slimy green scales (AC +2).
Your magical capacity is low (-10% MP).
You are robust (+10% HP).


Message History

You feel a surge of power!
The orb of energy hits the orc wizard.
You kill the orc wizard!
The orb of energy explodes!
The mystic blast hits the orc.
You kill the orc!
Something hits you.
* * * LOW HITPOINT WARNING * * *
Casting: Iskenderun's Mystic Blast
Confirm with . or Enter, or press ? or * to list all spells.
You can't see any susceptible monsters within range! (Use Z to cast anyway.)
Casting: Iskenderun's Mystic Blast
Confirm with . or Enter, or press ? or * to list all spells.
Aiming: Iskenderun's Mystic Blast
Press: ? - help, Shift-Dir - straight line You feel a surge of power!
The orb of energy explodes!
You hear some strange, mumbled words.
You are confused.
You see here an orc corpse.
You hear some strange, mumbled words.
The puff of flame hits you!
You die...

#+# #.... #.# ##⌠.⌠. #.#
#.._.. ##.## #.⌠.⌠#
####...## #...##
#.......##########.##
###.##.).............#
...(....#.#.############
####.#.)@..# # ###†#.#
#{#.# #....)..#
#####.### #.# #.# #.#
...


There were no monsters in sight!

Vanquished Creatures
  Grinder (D:4)
  2 giant frogs (Sewer)
  3 orc wizards
  Robin (D:4)
  A gnoll (D:1)
  10 adders
  3 giant mites
  A worm (D:2)
  6 giant geckos
  2 oozes
  7 orcs
  5 ball pythons
  5 bats
  17 hobgoblins
  4 jackals (D:2)
  13 giant cockroaches
  3 giant newts
  24 goblins
  11 kobolds
  A quokka (D:2)
  5 rats
125 creatures vanquished.

Notes
Turn   | Place    | Note
--------------------------------------------------------------
     0 | D:1      | valak23, the Tengu Conjurer, began the quest for the Orb.
     0 | D:1      | Reached XP level 1. HP: 10/10 MP: 3/3
    52 | D:1      | Reached XP level 2. HP: 15/15 MP: 0/5
   142 | D:1      | Reached skill level 6 in Conjurations
   175 | D:1      | Reached XP level 3. HP: 12/19 MP: 1/7
   824 | D:2      | Reached XP level 4. HP: 19/24 MP: 5/9
  1080 | D:2      | HP: 1/24 [poisoned by an adder]
  1081 | D:2      | Gained mutation: Your magical capacity is low (-10% MP). [potion of mutation]
  1081 | D:2      | Gained mutation: You are partially covered in slimy green scales (AC +2). [potion of mutation]
  1081 | D:2      | Gained mutation: You are robust (+10% HP). [potion of mutation]
  1121 | D:2      | Found a sacrificial altar of Ru.
  1125 | D:2      | Reached skill level 1 in Fighting
  1159 | D:2      | Learned a level 4 spell: Iskenderun's Mystic Blast
  1173 | D:2      | Reached XP level 5. HP: 17/31 MP: 3/9
  1678 | D:3      | Found a glowing drain.
  1694 | D:3      | Reached skill level 7 in Conjurations
  1701 | Sewer    | Entered a sewer
  1964 | Sewer    | Reached skill level 1 in Maces & Flails
  1964 | Sewer    | Reached XP level 6. HP: 28/37 MP: 4/13
  2525 | D:3      | Learned a level 5 spell: Iskenderun's Battlesphere
  3414 | D:4      | Noticed Grinder
  3419 | D:4      | Paralysed by Grinder for 3 turns
  3423 | D:4      | Killed Grinder
  3423 | D:4      | Reached skill level 8 in Conjurations
  3423 | D:4      | Reached XP level 7. HP: 33/42 MP: 0/16
  3465 | D:4      | Noticed Robin
  3512 | D:4      | Killed Robin
  3582 | D:4      | Found a sparkling altar of Nemelex Xobeh.
  3628 | D:4      | Killed from afar by an orc wizard

Action                   |  1- 3 |  4- 6 |  7- 9 || total
-------------------------+-------+-------+-------++-------
Melee: Unarmed           |    14 |       |       ||    14
       Club              |    13 |    55 |       ||    68
       Staff             |       |    18 |    32 ||    50
 Cast: Magic Dart        |    50 |    95 |     8 ||   153
       Iskenderun's Myst |       |    20 |     3 ||    23
 Abil: Evoke Flight      |     1 |       |       ||     1
       Fly               |       |       |     1 ||     1
  Use: Potion            |       |     2 |     1 ||     3
       Scroll            |       |     8 |     2 ||    10
 Stab: Sleeping          |       |     1 |     1 ||     2
  Eat: Bread ration      |     1 |     2 |     1 ||     4
